 Dungeon Crawl Stone Soup version 0.31-a0-344-gd109795599 (webtiles) character file.

Game seed: 14114591120474836794

53 AIAndy the Magician (level 4, -3/31 HPs)
             Began as a Djinni Fire Elementalist on July 22, 2023.
             Killed from afar by an orc wizard (11 damage)
             ... with a magic dart
             ... on level 4 of the Dungeon.
             The game lasted 00:04:39 (1032 turns).

AIAndy the Magician (Djinni Fire Elementalist)      Turns: 1032, Time: 00:04:40

Health: -3/31      AC:  2    Str:  7    XL:     4   Next: 10%
Gold:   134        EV: 12    Int: 19    God:
                   SH:  5    Dex: 13

rFire   + + .        c - staff of air
rCold   x . .        (no shield)
rNeg    + . .        a - +0 robe
rPois   ∞            (no helmet)
rElec   +            (no cloak)
rCorr   .            (no gloves)
SInv    .            (boots unavailable)
Will    .....        j - amulet of reflection
Stlth   ++           N - ring of positive energy
HPRegen 0.25/turn    (no ring)
MPRegen 0.00/turn

%: reflection, infuse magic (-4 HP)
@: flying
A: sickness immunity, fire resistance 2, cold vulnerability 1, float, innate
caster, HP casting, extra vitality 1
a: no special abilities


You were on level 4 of the Dungeon.
You visited 1 branch of the dungeon, and saw 3 of its levels.

You collected 134 gold pieces.


Innate Abilities, Weirdness & Mutations

You are immune to sickness and miasma.
You are immune to poison.
Your flesh is very heat resistant. (rF++)
You are vulnerable to cold. (rC-)
You float through the air rather than walking.
You learn spells naturally, not from books.
Your magical power is your life essence.
You have superior vitality. (+4 MHP)


   Skills:
 - Level 2.1 Dodging
 - Level 1.5 Stealth
 + Level 4.0 Spellcasting
 + Level 4.0 Conjurations
 + Level 4.0 Hexes
 + Level 4.0 Summonings
 + Level 4.0 Necromancy
 + Level 4.0 Translocations
 + Level 4.0 Transmutations
 + Level 4.0 Fire Magic
 + Level 4.0 Ice Magic
 + Level 4.0 Air Magic
 + Level 4.0 Earth Magic
 + Level 4.0 Poison Magic


You knew the following spells:

 Your Spells              Type           Power      Damage    Failure   Level
a - Flame Wave            Conj/Fire      19%        2d7       26%         4
f - Inner Flame           Hex/Fire       19%        N/A       8%          3
s - Slow                  Hex            76%        N/A       2%          1
X - Foxfire               Conj/Fire      76%        2x1d7     2%          1
Y - Scorch                Fire           38%        2d7       4%          2
Z - Volatile Blastmotes   Fire/Tloc      38%        2d13      8%          3
Your spell library was empty.

Inventory:

Armour
 a - a +0 robe (worn)
Magical Staves
 c - a staff of air (weapon)
Jewellery
 j - an amulet of reflection (around neck)
 N - a ring of positive energy (left hand)
Talismans
 g - a beast talisman
Scrolls
 d - a scroll of teleportation {unknown}
 e - 2 scrolls of fear {unknown}
 h - 2 scrolls of identify {unknown}
 l - a scroll of fog {unknown}
Potions
 b - a potion of heal wounds {unknown}
 f - 2 potions of haste {unknown}
 i - a potion of enlightenment {unknown}
 k - a potion of might {unknown}

Dungeon Overview and Level Annotations

Branches:
Dungeon (2/15)

Altars:

#.### ###...# #.....#
# #.....###.# .
#.......#.#.. #.!
#..=......... ...
#..........#.
....#....@.......
...####.......#. ..
#)...)†....... #.
...##.....######.....
...o.So..............
..##J.o.#######...##
...o...$.............
...##....##...######
.. ##.####...#


You could see 2 orc priests, an orc wizard, an orc, an endoplasm and a ball
python.


Message History

Confirm with . or Enter, or press ? or * to list all spells.
You conjure some foxfire!
The orc wizard shouts!
* * * LOW HITPOINT WARNING * * *
The foxfire hits the dart slug.
You kill the dart slug!
The foxfire hits the orc priest but does no damage.
The orc priest is moderately wounded.
Casting: Foxfire (safe; 2% risk of failure)
Confirm with . or Enter, or press ? or * to list all spells.
You can't see any susceptible monsters within range! (Use Z to cast anyway.)
Casting: Foxfire (safe; 2% risk of failure)
Confirm with . or Enter, or press ? or * to list all spells.
You conjure some foxfire!
* * * LOW HITPOINT WARNING * * *
The foxfire hits the orc priest but does no damage.
The orc priest is moderately wounded.
The foxfire hits the orc priest but does no damage.
The orc priest is moderately wounded.
A ball python comes into view.
An orc comes into view. It is wielding a +0 hand axe.
An orc priest comes into view. It is wielding a +0 hand axe.
The foxfire hits the orc priest but does no damage.
The orc priest is moderately wounded.
Found a wooden ring.
The foxfire hits the orc priest.
The orc priest is heavily wounded.
You see here a dart slug corpse.
The orc wizard casts a spell at you. The magic dart hits you!
You die...

Skill      XL: |  1  2  3  4 |
---------------+-------------+-----
Spellcasting   | 4 |  4.0
Conjurations   | 4 |  4.0
Hexes          | 4 |  4.0
Summonings     | 4 |  4.0
Necromancy     | 4 |  4.0
Translocations | 4 |  4.0
Transmutations | 4 |  4.0
Fire Magic     | 4 |  4.0
Ice Magic      | 4 |  4.0
Air Magic      | 4 |  4.0
Earth Magic    | 4 |  4.0
Poison Magic   | 4 |  4.0
Dodging        | |  2.1
Stealth        | |  1.5

Action                     |  1- 3 |  4- 6 || total
---------------------------+-------+-------++-------
   Cast: Foxfire           |    54 |     8 ||    62
         Scorch            |     2 |       ||     2
 Armour: Robe              |     7 |       ||     7
  Dodge: Dodged            |     6 |       ||     6

Levels and vault maps discovered:
D:1:      lemuel_arrival_broad_hall, layout_rooms, serial_bayou_crossing
D:2:      layout_loops_cross, nicolae_concentric_dashed_squares_mild,
          minmay_misc_feat_iff
D:4:      layout_basic, serial_bayou, serial_bayou_pond_b,
          serial_bayou_lagoon_b, serial_bayou_pond_e, serial_bayou_shore_a,
          serial_bayou_shore_b

Notes
Turn   | Place    | Note
-------+----------+-------------------------------------------
     0 | D:1      | Reached skill level 3 in Spellcasting
     0 | D:1      | Reached skill level 3 in Conjurations
     0 | D:1      | Reached skill level 3 in Hexes
     0 | D:1      | Reached skill level 3 in Summonings
     0 | D:1      | Reached skill level 3 in Necromancy
     0 | D:1      | Reached skill level 3 in Translocations
     0 | D:1      | Reached skill level 3 in Transmutations
     0 | D:1      | Reached skill level 3 in Fire Magic
     0 | D:1      | Reached skill level 3 in Ice Magic
     0 | D:1      | Reached skill level 3 in Air Magic
     0 | D:1      | Reached skill level 3 in Earth Magic
     0 | D:1      | Reached skill level 3 in Poison Magic
     0 | D:1      | AIAndy the Djinni Fire Elementalist began the quest for the
                  | Orb.
     0 | D:1      | AIAndy set off with the following spells memorised:
                  | Foxfire, Scorch, Volatile Blastmotes, Inner Flame, Flame
                  | Wave.
     0 | D:1      | Reached XP level 1. HP: 15/15 MP: 0/0
   240 | D:1      | Reached XP level 2. HP: 20/21 MP: 0/0
   582 | D:2      | Reached XP level 3. HP: 23/25 MP: 0/0
   582 | D:2      | Learned a level 1 spell: Slow
   999 | D:2      | Reached XP level 4. HP: 28/31 MP: 0/0
  1012 | D:2      | You are sucked into a shaft and drop 2 floors!
  1025 | D:4      | Reached skill level 4 in Spellcasting
  1025 | D:4      | Reached skill level 4 in Conjurations
  1025 | D:4      | Reached skill level 4 in Hexes
  1025 | D:4      | Reached skill level 4 in Summonings
  1025 | D:4      | Reached skill level 4 in Necromancy
  1025 | D:4      | Reached skill level 4 in Translocations
  1025 | D:4      | Reached skill level 4 in Transmutations
  1025 | D:4      | Reached skill level 4 in Fire Magic
  1025 | D:4      | Reached skill level 4 in Ice Magic
  1025 | D:4      | Reached skill level 4 in Air Magic
  1025 | D:4      | Reached skill level 4 in Earth Magic
  1025 | D:4      | Reached skill level 4 in Poison Magic
  1032 | D:4      | Killed from afar by an orc wizard

Vanquished Creatures
  2 adders (D:2)
  A dart slug (D:4)
  3 endoplasms
  A giant cockroach (D:2)
  6 goblins
  4 hobgoblins
  2 kobolds
  A quokka (D:2)
  2 ball pythons
  6 bats
  2 frilled lizards (D:2)
  2 rats
32 creatures vanquished.

Vanquished Creatures (others)
  89 foxfires
89 creatures vanquished.

Grand Total: 121 creatures vanquished

Table legend: (Time is in decaauts)
 A = Elapsed time spent in this place.
 B = Non-inter-level travel time spent in this place.
 C = Inter-level travel time spent in this place.
 D = Time resting spent in this place.
 E = Time spent auto-exploring this place.
 F = Levels seen in this place.
 G = Mean time per level.
                   A        B        C        D        E       F      G
               +--------+--------+--------+--------+--------+-----+--------+
         Total |   1030 |   1023 |      7 |      0 |    796 |   3 |  343.3 |
       Dungeon |   1030 |   1023 |      7 |      0 |    796 |   3 |  343.3 |
               +--------+--------+--------+--------+--------+-----+--------+

Top non-repeatable levels by time:
     D:2: 548 daAuts
     D:1: 462 daAuts
     D:4: 19 daAuts

Table legend:
 A = Non-vault XP
 B = Vault XP
 C = Vault XP percentage of total XP
 D = Non-vault monster count
 E = Vault monster count
 F = Vault count percentage of total count
                 A         B        C        D         E       F
            +---------+---------+-------+---------+---------+-------
      Total |      76 |       0 |   0.0 |      32 |       0 |   0.0
            +---------+---------+-------+---------+---------+-------
        D:1 |      16 |       0 |   0.0 |      10 |       0 |   0.0
        D:2 |      53 |       0 |   0.0 |      19 |       0 |   0.0
        D:4 |       7 |       0 |   0.0 |       3 |       0 |   0.0
            +---------+---------+-------+---------+---------+-------
